 Dungeon Crawl Stone Soup version 0.28.0-62-gf88900778d (webtiles) character file.

Game seed: 13730513997364502029

62 mopl the Bolt Thrower (level 4, 0/38 HPs)
             Began as a Hill Orc Hunter on May 4, 2023.
             Slain by Robin
             ... wielding a +0 dagger
              (2 damage)
             ... on level 2 of the Dungeon.
             The game lasted 00:02:01 (1409 turns).

mopl the Bolt Thrower (Hill Orc Hunter)             Turns: 1409, Time: 00:02:02

Health: 0/38       AC: 11    Str: 16    XL:     4   Next: 8%
Magic:  4/4        EV: 11    Int:  6    God:
Gold:   90         SH:  0    Dex: 13    Spells: 3/3 levels left

rFire   . . .      SeeInvis .   b - +4 mace of Echowiwe {protect, rPois rN+ Int-5 Dex+2}
rCold   + . .      Faith    .   (no shield)
rNeg    + . .      Spirit   .   f - +1 leather armour {rC+}
rPois   +          Reflect  .   (no helmet)
rElec   .          Harm     .   (no cloak)
rCorr   .          Rampage  .   (no gloves)
Will    .....                   (no boots)
Stlth   +.........              (no amulet)
HPRegen 0.12/turn               (no ring)
MPRegen 0.09/turn               (no ring)

@: under a protective aura
A: no striking features
a: no special abilities


You were on level 2 of the Dungeon.
You visited 1 branch of the dungeon, and saw 2 of its levels.

You collected 90 gold pieces.

Inventory:

Hand Weapons
 a - a +1 hand crossbow
 b - the +4 mace of Echowiwe (weapon) {protect, rPois rN+ Int-5 Dex+2}
   (You found it on level 2 of the Dungeon)

   It grants its wielder temporary protection when it strikes (+7 to AC).
   Int:       It affects your intelligence (-5).
   Dex:       It affects your dexterity (+2).
   rPois:     It protects you from poison.
   rN:        It protects you from negative energy.
 k - a +0 short sword
Missiles
 d - 37 bolts
Armour
 e - a +0 chain mail
 f - a +1 leather armour of cold resistance (worn)
Scrolls
 c - a scroll of fog {unknown}
 g - 4 scrolls of identify {unknown}
 h - a scroll of enchant armour {unknown}
 i - a scroll of blinking {unknown}
 j - a scroll of teleportation {unknown}
 l - a scroll of enchant weapon {unknown}
Potions
 m - a potion of brilliance {unknown}


   Skills:
 + Level 3.2 Fighting
 * Level 4.4 Crossbows
 + Level 1.7 Armour
 - Level 1.5 Dodging
 - Level 0.7 Stealth


You had 3 spell levels left.
You didn't know any spells.
Your spell library was empty.

Dungeon Overview and Level Annotations

Branches:
Dungeon (2/15)

Altars:

Shops:
D:2 :

Annotations:
D:2 Robin


Message History

You hit the hobgoblin.
You kill the hobgoblin!
Robin throws the goblin at you! The hobgoblin barely misses you.
The goblin hits you but does no damage.
Unknown command.
You hit the goblin.
The goblin is almost dead.
The hobgoblin misses you. The goblin misses you.
You miss the goblin.
The goblin is almost dead.
The hobgoblin hits you but does no damage.
The goblin hits you with a +0 dagger.
* * * LOW HITPOINT WARNING * * *
You hit the goblin.
You kill the goblin!
The hobgoblin hits you but does no damage.
The hobgoblin hits you.
* * * LOW HITPOINT WARNING * * *
Unknown command.
You thump the hobgoblin!
You kill the hobgoblin!
Robin hits you but does no damage.
You hit Robin.
Robin is lightly wounded.
Robin hits you but does no damage.
You hit Robin.
Robin is heavily wounded.
Robin closely misses you. Robin hits you but does no damage.
You sock Robin!
Robin is almost dead.
Robin barely misses you.
You barely miss Robin.
Robin is almost dead.
Robin hits you but does no damage.
You hit Robin but do no damage.
Robin is almost dead.
Robin hits you with a +0 dagger.
* * * LOW HITPOINT WARNING * * *
Robin hits you with a +0 dagger.
You die...

#.^.......#
#..#
#########.#
..# #.# #.#
#.# # #.# .
#.# . #)#
##. #@# ##.#
###g###
##...
#.)...#
#....
#)....#
##...
...........#
##[#
######.....#
#.# ......#
#.. ##.#####
#.. #.
#.#####..


You could see Robin.

Vanquished Creatures
  An adder (D:2)
  2 dart slugs
  3 ball pythons (D:1)
  4 endoplasms
  2 giant cockroaches (D:2)
  10 goblins
  6 hobgoblins
  2 jackals (D:1)
  A quokka (D:2)
  4 bats
  3 frilled lizards
  2 kobolds
  4 rats
44 creatures vanquished.

Notes
Turn   | Place    | Note
-------+----------+-------------------------------------------
     0 | D:1      | mopl the Hill Orc Hunter began the quest for the Orb.
     0 | D:1      | Reached XP level 1. HP: 18/18 MP: 1/1
   178 | D:1      | Reached XP level 2. HP: 13/25 MP: 2/2
   504 | D:1      | Found a faded altar of an unknown god.
   534 | D:1      | Reached skill level 1 in Armour
   641 | D:1      | Reached skill level 4 in Crossbows
   783 | D:2      | Reached XP level 3. HP: 25/30 MP: 3/3
   786 | D:2      | Identified the +4 mace of Echowiwe {protect, rPois rN+
                  | Int-5 Dex+2}
   824 | D:2      | Reached skill level 3 in Fighting
  1116 | D:2      | Found Wuysche's Book Emporium.
  1138 | D:2      | Identified the +2 leather armour "Beoschiadgh" {+Inv}
  1387 | D:2      | Noticed Robin
  1397 | D:2      | Reached XP level 4. HP: 9/38 MP: 4/4
  1409 | D:2      | Slain by Robin

Illustrated notes

Levels and vault maps discovered:
D:1:      scummos_arrival_checkerplants, layout_basic,
          hellmonk_ecumenical_altar_inner_sanctum
D:2:      layout_loops_ring, serial_shops, shop, minmay_pentomino_u4, uniq_robin

Skill      XL: |  1  2  3 |
---------------+----------+-----
Armour         | 1 |  1.7
Crossbows      | 4 |  4.4
Fighting       | 3 |  3.2
Dodging        | |  1.5
Stealth        | |  0.7

Action                   |  1- 3 |  4- 6 || total
-------------------------+-------+-------++-------
Melee: Short sword       |    71 |       ||    71
       Mace              |    63 |    11 ||    74
       Punch             |     1 |       ||     1
 Stab: Sleeping          |     2 |       ||     2
Armor: Leather armour    |    83 |     8 ||    91
Dodge: Dodged            |   109 |     5 ||   114
